 Dungeon Crawl Stone Soup version 0.29.1-4-g47bece8355 (webtiles) character file.

Game seed: 10759463432812209363

159 MacCMillion the Changer (level 5, -5/53 HPs)
             Began as an Ogre Transmuter on Dec 9, 2022.
             Splashed by a jelly's acid (8 damage)
             ... on level 4 of the Dungeon.
             The game lasted 00:05:35 (3576 turns).

MacCMillion the Changer (Ogre Transmuter)           Turns: 3576, Time: 00:05:37

Health: -5/53      AC: -3    Str: 14    XL:     5   Next: 40%
Magic:  8/8        EV:  9    Int: 16    God:
Gold:   260        SH:  0    Dex:  9    Spells: 3/8 levels left

rFire   . . .      SeeInvis .     - Unarmed
rCold   . . .      Faith    .   (no shield)
rNeg    . . .      Spirit   .   a - +0 robe
rPois   .          Reflect  .   d - +2 hat
rElec   .          Harm     .   (no cloak)
rCorr   .          Rampage  .   (gloves unavailable)
Will    .....                   (boots unavailable)
Stlth   +.........              (no amulet)
HPRegen 0.17/turn               (no ring)
MPRegen 0.11/turn               (no ring)

@: corroded
A: large, unfitting armour, tough skin 1
a: no special abilities


You were on level 4 of the Dungeon.
You visited 1 branch of the dungeon, and saw 4 of its levels.

You collected 260 gold pieces.

Inventory:

Armour
 a - a +0 robe (worn)
 d - a +2 hat (worn)
Scrolls
 e - 2 scrolls of blinking
 i - a scroll of brand weapon {unknown}
 k - a scroll of amnesia {unknown}
Potions
 b - 3 potions of lignification
 c - 2 potions of brilliance
 f - 2 potions of degeneration
 g - 4 potions of curing
 h - 2 potions of heal wounds
 j - a potion of resistance
 l - 2 potions of haste {unknown}
 m - a potion of ambrosia {unknown}


   Skills:
 - Level 3.2 Fighting
 - Level 1.7 Dodging
 + Level 3.4 Unarmed Combat
 - Level 2.4 Spellcasting
 * Level 3.4 Transmutations
 + Level 1.4 Ice Magic


You had 3 spell levels left.
You knew the following spells:

 Your Spells              Type           Power      Damage    Failure   Level
a - Beastly Appendage     Tmut           24%        N/A       4%          1
b - Ice Form              Ice/Tmut       9%         N/A       58%         4

Your spell library contained the following spells:

 Spells                   Type           Power      Damage    Failure   Level
 Wereblood                Tmut           12%        N/A       8%          2
 Static Discharge         Conj/Air       1%         3-4/arc   30%         2
 Spider Form              Tmut/Pois      7%         N/A       30%         3
 Stone Arrow              Conj/Erth      2%         3d7       52%         3
 Animate Armour           Summ/Erth      2%         N/A       89%         4
 Dispel Undead            Necr           1%         3d6       89%         4
 Sticky Flame             Conj/Fire      1%         2d3       89%         4
 Malign Gateway           Summ/Tloc      0%         N/A       100%        7
 Lehudib's Crystal Spear  Conj/Erth      0%         10d2      100%        8
 Summon Horrible Things   Summ           0%         N/A       100%        8


Dungeon Overview and Level Annotations

Branches:
Dungeon (4/15)
 Temple: D:4-7

Altars:
Nemelex Xobeh
Qazlal
Trog

Annotations:
D:3 1 runed translucent door, ripuliukko's ghost, amateur GrEE
D:4 1 runed translucent door, Crazy Yiuf


Innate Abilities, Weirdness & Mutations

You are too large for most types of armour.
You have tough skin. (AC +1)


Message History

You finish memorising.
Spell assigned to 'b'.
A jelly and a goblin come into view.
There are monsters nearby!
The helpless goblin fails to defend itself.
You hit the goblin.
The goblin is heavily wounded.
The goblin hits you with a +0 club.
You hit the goblin.
You kill the goblin!
Found a potion of lignification.
The jelly quivers.
The jelly closely misses you.
You barely miss the jelly. The jelly hits you. The acid corrodes you!
You are splashed with acid!
You hit the jelly but do no damage.
Your hands burn!
The jelly barely misses you.
You hit the jelly.
Your hands burn!
The jelly is lightly wounded.
The jelly hits you. The acid corrodes you!
You are splashed with acid!
You are too injured to fight recklessly!
You are too injured to fight recklessly!
You are too injured to fight recklessly!
Found a stone staircase leading down.
The jelly hits you.
You are splashed with acid!
The jelly closely misses you.
You hit the jelly.
Your hands burn!
* * * LOW HITPOINT WARNING * * *
The jelly is moderately wounded.
The jelly barely misses you.
You hit the jelly but do no damage.
Your hands burn!
* * * LOW HITPOINT WARNING * * *
The jelly is moderately wounded.
The jelly barely misses you.
You hit the jelly but do no damage.
Your hands burn!
* * * LOW HITPOINT WARNING * * *
The jelly is moderately wounded.
The jelly hits you.
* * * LOW HITPOINT WARNING * * *
You are splashed with acid!
You die...

####.#...#.#####...######..#.._..
...#.##.##.##.........##...#.....
##.#.......##.##...##.##...#.....
##......#####. ##.###.##.#.######
.....#### #. #.# #.## #.......
###### ## #.. ..# #.# ....##...
...#..### #.#..##. #.##
.>.....#####†#.. .. #.#
..#...@J.)#.#. .#. ..#
.....(.......# # #.##...........#
#.....#.##### #.#.#.#...
#.#.....### # #.!...# .......
..PPPP..


You could see a jelly.

Vanquished Creatures
  2 hounds
  Jessica (D:2)
  3 adders
  A dart slug (D:1)
  4 ball pythons
  4 endoplasms
  A giant cockroach (D:2)
  5 hobgoblins
  4 quokkas
  3 bats
  2 frilled lizards (D:1)
  11 goblins
  A kobold (D:2)
  4 rats (D:3)
46 creatures vanquished.

Notes
Turn   | Place    | Note
-------+----------+-------------------------------------------
     0 | D:1      | MacCMillion the Ogre Transmuter began the quest for the
                  | Orb.
     0 | D:1      | Reached XP level 1. HP: 19/19 MP: 3/3
   428 | D:1      | Reached XP level 2. HP: 25/28 MP: 5/5
  1068 | D:2      | Reached XP level 3. HP: 26/35 MP: 6/6
  1187 | D:2      | Noticed Jessica
  1194 | D:2      | Killed Jessica
  1392 | D:2      | Reached XP level 4. HP: 44/44 MP: 7/7
  2072 | D:3      | Found a faded altar of an unknown god.
  2155 | D:3      | Reached skill level 1 in Ice Magic
  2369 | D:3      | Found a runed translucent door.
  2370 | D:3      | Noticed ripuliukko's ghost (amateur GrEE)
  2543 | D:3      | Found a sparkling altar of Nemelex Xobeh.
  2975 | D:4      | Found a stormy altar of Qazlal.
  3072 | D:4      | Reached XP level 5. HP: 53/53 MP: 8/8
  3305 | D:4      | Found a runed translucent door.
  3306 | D:4      | Noticed Crazy Yiuf
  3398 | D:4      | Found a bloodstained altar of Trog.
  3563 | D:4      | Learned a level 4 spell: Ice Form
  3576 | D:4      | Splashed by a jelly's acid

Illustrated notes

Levels and vault maps discovered:
D:1:      minmay_arrival_four_circles, layout_basic, wad_floor_pattern_untrapped
D:2:      layout_rooms, uniq_jessica
D:3:      layout_basic, lemuel_doored_altar, ebering_ghost_reflecting_pool,
          hellmonk_ecumenical_altar_crossroads
D:4:      layout_loops_cross, amcnicky_altar_gilded, general_overflow_altar,
          mainiacjoe_overflow_boulevard, uniq_crazy_yiuf_cottage

Skill      XL: |  1  2  3  4 |
---------------+-------------+-----
Transmutations | 2 3 |  3.4
Fighting       | 2 3 |  3.2
Unarmed Combat | 3 |  3.4
Ice Magic      | 1 |  1.4
Dodging        | |  1.7
Spellcasting   | |  2.4

Action                   |  1- 3 |  4- 6 || total
-------------------------+-------+-------++-------
Melee: Unarmed           |    55 |   115 ||   170
       Headbutt          |     5 |       ||     5
       Kick              |     5 |     1 ||     6
       Punch             |       |     1 ||     1
 Cast: Beastly Appendage |    13 |     2 ||    15
  Use: Scroll            |     1 |     5 ||     6
 Stab: Sleeping          |       |     2 ||     2
Armor: Robe              |    23 |    30 ||    53
Dodge: Dodged            |    22 |    54 ||    76
